 Dungeon Crawl Stone Soup version 0.24-a0-584-g9d6b971 (webtiles) character file.

Game seed: 10994521981912344306, levelgen mode: deterministic

9779 DocClef the Fighter (level 11, -8/91 (93) HPs)
             Began as a Demonspawn Fighter on Sept 5, 2019.
             Was a High Priest of Okawaru.
             Mangled by a death yak (14 damage)
             ... on level 10 of the Dungeon.
             The game lasted 00:14:17 (8919 turns).

DocClef the Fighter (Demonspawn Fighter)            Turns: 8919, Time: 00:14:18

HP:   -8/91 (93)    AC: 17    Str: 19    XL:     11   Next: 27%
MP:   17/19         EV: 14    Int:  9    God:    Okawaru [*****.]
Gold: 648           SH: 11    Dex: 14    Spells: 10/10 levels left

rFire    . . .     SeeInvis .   K - +1 flail (protect)
rCold    . . .     Gourm    .   c - +0 shield
rNeg     + . .     Faith    +   E - +2 ring mail of Dramatic Exits {rN+}
rPois    .         Spirit   .   (helmet restricted)
rElec    .         Reflect  .   (no cloak)
rCorr    .         Harm     .   (no gloves)
MR       .....                  (no boots)
Stlth    ++++++....             o - amulet of faith
HPRegen  0.25/turn              k - +2 ring of evasion
MPRegen  0.16/turn              A - ring of stealth

@: heroism, protection aura
A: horns 2, molten scales 1, demonic guardian 1, powered by death 1
a: Heroism, Finesse, Renounce Religion


You were on level 10 of the Dungeon.
You worshipped Okawaru.
Okawaru was extremely pleased with you.
You were not hungry.

You visited 2 branches of the dungeon, and saw 11 of its levels.

You collected 648 gold pieces.

Inventory:

Hand Weapons
 g - a +3 dagger of electrocution
 I - the +7 dagger of Plog {antimagic, rPois rC- rN+}
   (You found it on level 9 of the Dungeon)

   It reduces the magical energy of the wielder, and disrupts the spells and
   magical abilities of those hit.
   Natural abilities and divine invocations are not affected.
   It makes you vulnerable to cold.
   It protects you from poison.
   It protects you from negative energy.
 K - a +1 flail of protection (weapon)
Missiles
 b - 4 javelins
 C - 18 poisoned darts (quivered)
Armour
 c - a +0 shield (worn)
 E - the +2 ring mail of Dramatic Exits (worn) {rN+}
   (You found it on level 7 of the Dungeon)

   It protects you from negative energy.
Jewellery
 k - a +2 ring of evasion (left hand)
 o - an amulet of faith (around neck)
 r - an uncursed ring of flight
 A - a ring of stealth (right hand)
 F - an uncursed amulet of the gourmand {unknown}
 M - an uncursed ring of magical power {unknown}
 N - an uncursed ring of protection from magic {unknown}
Wands
 q - a wand of iceblast (4)
 x - a wand of paralysis (21)
 H - a wand of acid (9)
 J - a wand of clouds (4)
Scrolls
 a - a scroll of noise {unknown}
 e - 7 scrolls of remove curse {unknown}
 j - 16 scrolls of identify {unknown}
 m - a scroll of random uselessness {unknown}
 w - a scroll of teleportation {unknown}
 y - a scroll of enchant armour {unknown}
 G - a scroll of immolation {unknown}
 L - a scroll of fog {unknown}
 P - a scroll of fear {unknown}
Potions
 d - 3 potions of might
 h - a potion of berserk rage {unknown}
 i - 7 potions of curing {unknown}
 l - 3 potions of heal wounds {unknown}
 n - 4 potions of haste {unknown}
 p - a potion of agility {unknown}
 s - 2 potions of magic {unknown}
 t - a potion of cancellation {unknown}
 u - 2 potions of brilliance {unknown}
 v - a potion of ambrosia {unknown}
 z - 2 potions of flight {unknown}
 B - a potion of mutation {unknown}
 D - 2 potions of degeneration {unknown}
Comestibles
 f - 16 rations


   Skills:
 - Level 11.1(16.1) Fighting
 - Level 1.9(6.9) Short Blades
 + Level 5.2(10.2) Maces & Flails
 - Level 2.6(7.6) Armour
 - Level 9.5(14.5) Stealth
 - Level 2.6(7.6) Shields
 - Level 11.0 Invocations


You had 10 spell levels left.
You didn't know any spells.
Your spell library contained the following spells:

 Spells                   Type           Power        Failure   Level  Hunger
 Animate Skeleton         Necr           N/A          86%         1    ##.....
 Confusing Touch          Hex            #.....       86%         1    ##.....
 Pain                     Necr           #...         86%         1    ##.....
 Confuse                  Hex            #.......     99%         3    ####...
 Gell's Gravitas          Tloc           #.........   99%         3    ####...
 Regeneration             Chrm/Necr      #.........   99%         3    ####...
 Vampiric Draining        Necr           #.........   99%         3    ####...
 Animate Dead             Necr           N/A          100%        4    #####..
 Petrify                  Tmut/Erth      #.......     100%        4    #####..
 Metabolic Englaciation   Hex/Ice        #.........   100%        5    ######.
 Yara's Violent Unravell  Hex/Tmut       #.........   100%        5    ######.


Dungeon Overview and Level Annotations

Branches:
Dungeon (10/15)            Temple (1/1) D:5            Lair (0/6) D:10
    Orc (0/2) D:10

Altars:
Ashenzari
Cheibriados
Dithmenos
Elyvilon
Fedhas
Gozag
Hepliaklqana
Kikubaaqudgha
Makhleb
Nemelex Xobeh
Okawaru
Qazlal
Ru
Sif Muna
Trog
Uskayaw
Vehumet
Wu Jian
Xom
Yredelemnul
Zin
The Shining One

Shops:
D:10 [(

Annotations:
D:6 2 transporters, luopjiggy's ghost, novice HOFi


Innate Abilities, Weirdness & Mutations

You have a pair of horns on your head.
You are partially covered in molten scales. (AC +2)
A weak demonic guardian rushes to your aid.
You regenerate a little health from kills.


Message History

The death yak is engulfed in noxious fumes.
The death yak completely misses you.
The death yak is engulfed in noxious fumes.
The death yak appears confused.
Okay, then.
You hit the death yak.
Your weapon exudes an aura of protection.
You headbutt the death yak!
The death yak is severely wounded.
The death yak is engulfed in noxious fumes.
You block the death yak's attack.
You sock the death yak! You headbutt the death yak.
The death yak is almost dead.
The death yak is engulfed in noxious fumes.
You block the death yak's attack.
You hit the death yak but do no damage.
The death yak is almost dead.
The death yak is engulfed in noxious fumes.
The death yak gores you!
You die...

#.....................
#......#####...Y...Y..
#......# #(†........
#....÷.# #(###......
#......# #.# ....#.
#......# #[# ...#
#......#####§# ...#
#....÷....§Y§# ..#
#.........@### ..#
#..........#
#..........######+#
#..................
#..................
#..................
##).................
#..#################
#..#


You could see a death yak.

Vanquished Creatures
  Harold (D:7)
  3 two-headed ogres (D:9)
  4 death yaks (D:10)
  An orc knight (D:10)
  Grinder (D:3)
  2 hungry ghosts
  A water moccasin (D:6)
  3 sky beasts
  2 orc warriors
  2 eyes of draining (D:9)
  An ice beast (D:7)
  A necrophage (D:8)
  2 ogres
  2 phantoms
  6 centaurs
  A big kobold (D:9)
  7 bullfrogs
  A water moccasin zombie (D:8)
  A scorpion (D:5)
  2 wyvern skeletons (D:9)
  A water moccasin skeleton (D:9)
  2 crimson imps (D:7)
  A bullfrog zombie (D:9)
  4 hounds
  4 orc priests
  3 jellies
  4 orc wizards
  2 centaur skeletons
  Jessica (D:3)
  4 iguanas
  Ijyb (D:3)
  6 worker ants
  A hound skeleton (D:9)
  2 gnolls (D:10)
  7 adders
  An ooze (D:3)
  3 adder skeletons
  3 dart slugs (D:1)
  4 leopard geckos
  32 orcs
  3 ball pythons
  11 bats
  4 giant cockroaches
  11 goblins
  5 hobgoblins
  9 jackals
  2 quokkas
  5 frilled lizards
  A jackal skeleton (D:9)
  14 kobolds
  A leopard gecko skeleton (D:4)
  A quokka skeleton (D:8)
  A quokka zombie (D:5)
  7 rats
205 creatures vanquished.

Vanquished Creatures (collateral kills)
  A two-headed ogre (D:10)
  An ice beast (D:5)
  A black bear (D:8)
  3 bullfrogs
  A scorpion (D:5)
  2 crimson imps
  An orc wizard (D:4)
  2 worker ants (D:8)
  A gnoll (D:10)
  5 orcs
  A giant cockroach (D:4)
  A kobold (D:3)
20 creatures vanquished.

Vanquished Creatures (others)
  An orc (D:10)
1 creature vanquished.

Grand Total: 226 creatures vanquished

Notes
Turn   | Place    | Note
-------+----------+-------------------------------------------
     0 | D:1      | DocClef the Demonspawn Fighter began the quest for the Orb.
     0 | D:1      | Reached XP level 1. HP: 18/18 MP: 1/1
    89 | D:1      | Gained mutation: You regenerate a little health from kills.
                  | [demonic ancestry]
    89 | D:1      | Reached XP level 2. HP: 6/24 MP: 2/2
   586 | D:1      | Reached XP level 3. HP: 29/30 MP: 3/3
  1757 | D:2      | Found an ancient bone altar of Kikubaaqudgha.
  1819 | D:2      | Reached skill level 5 in Fighting
  1819 | D:2      | Gained mutation: A weak demonic guardian rushes to your
                  | aid. [demonic ancestry]
  1819 | D:2      | Reached XP level 4. HP: 31/39 MP: 4/4
  1825 | D:2      | Found a sparkling altar of Nemelex Xobeh.
  1871 | D:3      | Noticed Grinder
  1880 | D:3      | Killed Grinder
  1880 | D:3      | Gained mutation: You have a pair of small horns on your
                  | head. [demonic ancestry]
  1880 | D:3      | Reached XP level 5. HP: 31/47 MP: 5/5
  1949 | D:3      | Noticed Jessica
  1956 | D:3      | Reached XP level 6. HP: 32/53 MP: 6/6
  1957 | D:3      | Killed Jessica
  2406 | D:3      | Found a shimmering altar of Xom.
  2413 | D:3      | Found a blossoming altar of Fedhas.
  2469 | D:3      | Noticed Ijyb
  2479 | D:3      | Killed Ijyb
  3154 | D:4      | Found an ornate altar of the Wu Jian Council.
  3276 | D:5      | Entered Level 5 of the Dungeon
  3281 | D:5      | Noticed a +0 hand axe
  3283 | D:5      | Noticed a +0 dagger
  3310 | D:5      | Reached XP level 7. HP: 45/62 MP: 7/7
  3605 | D:5      | Found a shattered altar of Ashenzari.
  3607 | D:5      | Found a shadowy altar of Dithmenos.
  3846 | D:5      | Found a hide-covered altar of Uskayaw.
  3893 | D:5      | Found a staircase to the Ecumenical Temple.
  4039 | Temple   | Entered the Ecumenical Temple
  4084 | Temple   | Became a worshipper of Warmaster Okawaru
  4142 | D:6      | Noticed a hungry ghost
  4157 | D:6      | Killed a hungry ghost
  4157 | D:6      | Reached skill level 10 in Fighting
  4157 | D:6      | Gained mutation: You have a pair of horns on your head.
                  | [demonic ancestry]
  4157 | D:6      | Reached XP level 8. HP: 59/72 MP: 8/8
  4194 | D:6      | Reached * piety under Okawaru
  4233 | D:6      | Found a shimmering altar of Xom.
  4465 | D:6      | Noticed luopjiggy's ghost (novice HOFi)
  4478 | D:6      | Found an opulent altar of Gozag.
  4526 | D:6      | Found a transporter.
  4530 | D:6      | Found a transporter.
  4620 | D:6      | Reached skill level 1 in Invocations
  4805 | D:7      | Found a white marble altar of Elyvilon.
  4823 | D:7      | Got a twisted ring mail
  4834 | D:7      | Identified the +2 ring mail of Dramatic Exits {rN+} (You
                  | found it on level 7 of the Dungeon)
  4890 | D:7      | Reached ** piety under Okawaru
  4950 | D:7      | Reached skill level 5 in Invocations
  4953 | D:7      | Reached XP level 9. HP: 54/81 MP: 10/13
  5058 | D:7      | Noticed Harold
  5071 | D:7      | Killed Harold
  5407 | D:8      | Reached *** piety under Okawaru
  5407 | D:8      | Reached skill level 10 in Invocations
  5827 | D:8      | Reached skill level 1 in Stealth
  6716 | D:9      | Found a burning altar of Makhleb.
  6719 | D:9      | Reached XP level 10. HP: 77/85 MP: 18/18
  6724 | D:9      | Noticed a two-headed ogre
  6747 | D:9      | Killed a two-headed ogre
  6747 | D:9      | Reached **** piety under Okawaru
  6747 | D:9      | Reached skill level 5 in Stealth
  6852 | D:9      | Noticed a two-headed ogre
  6871 | D:9      | Killed a two-headed ogre
  7212 | D:9      | Found a basalt altar of Yredelemnul.
  7309 | D:9      | Noticed a two-headed ogre
  7323 | D:9      | Killed a two-headed ogre
  7585 | D:9      | Found a glowing golden altar of the Shining One.
  7697 | D:9      | Reached ***** piety under Okawaru
  7764 | D:9      | Got a crude dagger
  7765 | D:9      | Identified the +7 dagger of Plog {antimagic, rPois rC- rN+}
                  | (You found it on level 9 of the Dungeon)
  8102 | D:10     | Entered Level 10 of the Dungeon
  8190 | D:10     | Found Zigaokiq's Armour Shop.
  8191 | D:10     | Found a staircase to the Orcish Mines.
  8193 | D:10     | Found Bycukiro's Weapon Shop.
  8195 | D:10     | Noticed an orc knight
  8269 | D:10     | Killed an orc knight
  8534 | D:10     | Noticed a death yak
  8645 | D:10     | Noticed a two-headed ogre
  8657 | D:10     | Killed a two-headed ogre
  8657 | D:10     | Reached skill level 1 in Short Blades
  8853 | D:10     | Noticed a death yak
  8854 | D:10     | Found a staircase to the Lair.
  8856 | D:10     | Noticed a death yak
  8856 | D:10     | Noticed a death yak
  8860 | D:10     | Noticed a death yak
  8862 | D:10     | Noticed a death yak
  8885 | D:10     | Killed a death yak
  8885 | D:10     | Gained mutation: You are partially covered in molten
                  | scales. (AC +2) [demonic ancestry]
  8885 | D:10     | Reached XP level 11. HP: 50/91 MP: 14/19
  8893 | D:10     | Killed a death yak
  8894 | D:10     | Killed a death yak
  8897 | D:10     | Killed a death yak
  8897 | D:10     | Received a gift from Okawaru
  8897 | D:10     | Reached skill level 5 in Maces & Flails
  8913 | D:10     | HP: 4/91 [death yak (23)]
  8919 | D:10     | Mangled by a death yak

Levels and vault maps discovered:
D:1:      lightli_iron_boxes, layout_basic, st_stairs_11, hex_tiny
D:2:      layout_loops_ring, nicolae_overflow_crystal_walls, marbit_many_paths
D:3:      layout_basic, fedhas_altar_1, first_ration, xom_teletrap_fun,
          uniq_jessica, uniq_ijyb, uniq_grinder
D:4:      layout_rooms, kennysheep_mini_moat, serial_glass, glass_columns_c,
          glass_columns_b
D:5:      minmay_recursive_quarters, layout_cave_pools, dancing_weapons_uskayaw,
          nicolae_overflow_hidden_temple, minmay_temple_entry_large_hall
D:6:      layout_rooms, kennysheep_little_box, basic_altar, gammafunk_ghost_hive
D:7:      layout_loops_cross, lemuel_doored_altar, uniq_harold
D:8:      layout_cave_pools
D:9:      kennysheep_ambush_hall, layout_basic, tso_oasis_becter,
          old_standard_altar, basic_altar
D:10:     layout_irregular_city, dpeg_lair_monsters, orc_david_3
Temple:   eino_wide_crystal_templ

Skill      XL: |  1  2  3  4  5  6  7  8  9 10 11 |
---------------+----------------------------------+-----
Fighting       | 4 5 6 8 10 11 | 11.1
Invocations    | 5 11 | 11.0
Stealth        | 3 9 |  9.5
Short Blades   | 1 |  1.9
Maces & Flails | 3 5 |  5.2
Armour         | |  2.6
Shields        | |  2.6

Action                   |  1- 3 |  4- 6 |  7- 9 | 10-12 || total
-------------------------+-------+-------+-------+-------++-------
Melee: Flail             |    83 |       |       |    45 ||   128
       Dagger            |    70 |   117 |   303 |   172 ||   662
       Headbutt          |       |    21 |    75 |    46 ||   142
Throw: Dart              |       |       |       |    16 ||    16
Invok: Heroism           |       |       |     4 |     9 ||    13
       Finesse           |       |       |       |     2 ||     2
Evoke: Wand              |       |       |       |    15 ||    15
 Stab: Distracted        |       |     1 |     1 |       ||     2
       Sleeping          |       |       |       |     4 ||     4
       Confused          |       |       |       |     1 ||     1
  Eat: Chunk             |     3 |     5 |     7 |     4 ||    19
       Ration            |       |       |     3 |     1 ||     4
Armor: Scale mail        |   101 |    20 |       |       ||   121
       Chain mail        |       |    29 |    53 |       ||    82
       Ring mail         |       |       |    42 |    26 ||    68
Dodge: Dodged            |    54 |    26 |    88 |    61 ||   229
Block: Shield            |    90 |    44 |   130 |    71 ||   335

Table legend:
 A = Non-vault XP
 B = Vault XP
 C = Vault XP percentage of total XP
 D = Non-vault monster count
 E = Vault monster count
 F = Vault count percentage of total count
                 A         B        C        D         E       F
            +---------+---------+-------+---------+---------+-------
      Total |    8416 |    5554 |  39.8 |     197 |      29 |  12.8
            +---------+---------+-------+---------+---------+-------
        D:1 |      52 |       5 |   8.8 |      29 |       3 |   9.4
        D:2 |      35 |      13 |  27.1 |      14 |       1 |   6.7
        D:3 |     113 |     336 |  74.8 |      27 |       3 |  10.0
        D:4 |     127 |       0 |   0.0 |      16 |       0 |   0.0
        D:5 |     425 |     140 |  24.8 |      18 |       6 |  25.0
        D:6 |    1067 |       0 |   0.0 |      18 |       0 |   0.0
        D:7 |     851 |     970 |  53.3 |      13 |       1 |   7.1
        D:8 |    1260 |       0 |   0.0 |      21 |       0 |   0.0
        D:9 |    3574 |     364 |   9.2 |      32 |       5 |  13.5
       D:10 |     912 |    3726 |  80.3 |       9 |      10 |  52.6
            +---------+---------+-------+---------+---------+-------
